AoeStats
← Mi turbito es mi puchito

Arena

504501612Analyzed
2v2 RM · 28d ago on Sep 5, 2026· 46m 52s· 4 players
Game mode
Random Map
Map size
Medium (4 player)
Population
200
Speed
Normal
Resources
Standard
Victory
Conquest
Starting age
Dark Age
Ending age
Imperial Age
RankedLock teamsTeams togetherTeam positionsShared explorationLock speedFull tech treeHidden civsTurbo modeCheats
Victory
Defeat
🇺🇸 Khmer · United States
1071
+14
🇦🇷 Franks · Argentina
1028
+15
1026
-15
🇦🇷 Slavs · Argentina
1011
-14
Mi turbito es mi puchito
10:41 Feudal Age
11:38 Double-Bit Axe
15:01 Castle Age
16:48 Husbandry
23:29 Gold Mining
25:07 Wheelbarrow
24:21 Town Watch
24:24 Loom
24:36 Stone Mining
25:36 Bow Saw
27:12 Ballistics
26:54 Murder Holes
27:52 Fervor
28:21 Gold Shaft Mining
28:55 Scale Barding Armor
29:08 Hand Cart
28:53 Town Patrol
30:26 Town Patrol
33:50 Imperial Age
31:29 Padded Archer Armor
32:36 #83
33:30 Chain Barding Armor
34:06 Fortified Wall
34:09 Masonry
33:54 Cavalier
35:38 Chemistry
36:04 Conscription
35:36 Paladin
37:19 Architecture
37:44 Pikeman
39:51 Plate Barding Armor
39:28 Forging
39:47 Halberdier
41:09 Squires
42:50 Block Printing
42:53 Light Cavalry
43:50 Light Cavalry
44:39 Scale Mail Armor
45:14 Iron Casting
45:26 Illumination
GordiTOsko
9:42 Feudal Age
10:09 Double-Bit Axe
10:06 Horse Collar
16:45 Castle Age
17:36 Bow Saw
26:24 Wheelbarrow
28:52 Imperial Age
26:39 Gold Mining
27:14 Detinets
27:25 Heavy Plow
27:50 Husbandry
28:01 Bloodlines
29:09 Hand Cart
28:40 Town Watch
28:41 Loom
29:05 Stone Mining
30:05 Forging
30:58 Gold Shaft Mining
31:20 Scale Barding Armor
31:50 Iron Casting
31:02 Capped Ram
32:35 Fletching
35:23 Blast Furnace
34:43 Chain Barding Armor
35:59 Ballistics
36:41 Chemistry
37:51 Bodkin Arrow
37:57 Padded Archer Armor
38:19 Chain Barding Armor
39:04 Conscription
39:50 Leather Archer Armor
41:30 Heavy Cavalry Archer
44:19 Ring Archer Armor
Marcin
11:28 Feudal Age
17:21 Castle Age
15:42 Double-Bit Axe
15:49 Gold Mining
18:58 Bow Saw
22:15 Stone Mining
22:16 Gold Mining
25:07 Gold Shaft Mining
26:45 Wheelbarrow
28:11 Hand Cart
28:24 Pikeman
31:59 Imperial Age
32:44 Ballistics
35:17 Chemistry
34:55 Masonry
35:59 Murder Holes
36:17 Halberdier
36:58 Squires
45:41 Scale Barding Armor
45:37 Scale Mail Armor
45:28 Fletching
wordliner88
12:26 Feudal Age
16:09 Castle Age
15:25 Double-Bit Axe
15:23 Horse Collar
17:52 Wheelbarrow
17:31 Bow Saw
17:26 Heavy Plow
21:17 Loom
21:20 Town Watch
23:54 Hand Cart
24:26 Town Patrol
30:05 Imperial Age
28:40 Scale Barding Armor
28:46 Forging
29:57 Bloodlines
29:48 Husbandry
31:30 Conscription
31:34 Tusk Swords
31:44 Elite Battle Elephant
34:09 Chain Barding Armor
34:25 Iron Casting
42:37 Blast Furnace
42:27 Plate Barding Armor
Connection lost

Rejoining the realm…

Still unreachable

The connection could not be restored.

Session expired

The server has moved on; the page needs a fresh start.